 Dungeon Crawl Stone Soup version 0.21.1-1-g345015fe64 (webtiles) character file.

550 Peloso the Covered (level 7, -1/61 HPs)
             Began as a Minotaur Fighter on Apr 9, 2018.
             Engulfed by a cloud of flame (21 damage)
             ... on level 4 of the Dungeon.
             The game lasted 00:06:58 (3313 turns).

Peloso the Covered (Minotaur Fighter)               Turns: 3313, Time: 00:06:58

Health: -1/61      AC: 12    Str: 21    XL:     7   Next: 7%
Magic:  6/6        EV:  6    Int:  5    God:
Gold:   150        SH: 10    Dex: 11    Spells: 6/6 levels left

rFire    . . .     SeeInvis .   a - +0 long sword
rCold    . . .     Gourm    .   c - +0 shield
rNeg     . . .     Faith    .   b - +0 chain mail
rPois    .         Spirit   .   (helmet restricted)
rElec    .         Reflect  .   h - +0 cloak
rCorr    .         Harm     .   q - +0 pair of gloves
MR       .....                  (no boots)
Stlth    ..........             (no amulet)
HPRegen  0.20/turn              l - ring of fire
MPRegen  0.10/turn              r - ring of ice

@: no status effects
A: retaliatory headbutt, horns 2
a: no special abilities


You were on level 4 of the Dungeon.
You were near starving.

You visited 1 branch of the dungeon, and saw 4 of its levels.

You collected 150 gold pieces.

Inventory:

Hand Weapons
 a - a +0 long sword (weapon)
 n - a +0 scythe of flaming
Armour
 b - a +0 chain mail (worn)
 c - a +0 shield (worn)
 h - a +0 cloak (worn)
 q - a +0 pair of gloves (worn)
Jewellery
 l - a ring of fire (left hand)
 r - a ring of ice (right hand)
Wands
 d - a wand of random effects (31)
Scrolls
 j - a scroll of remove curse
 k - 8 scrolls of teleportation
Potions
 e - 2 potions of flight
 g - a potion of haste
 i - a potion of invisibility
 o - 2 potions of brilliance
 s - 3 potions of heal wounds
Comestibles
 f - 4 rations


   Skills:
 + Level 5.1 Fighting
 + Level 5.0 Long Blades
 + Level 6.4 Armour
 + Level 1.1 Dodging
 + Level 5.5 Shields


You had 6 spell levels left.
You didn't know any spells.

Dungeon Overview and Level Annotations

Branches:
Dungeon (4/15)
 Temple: D:4-7

Altars:

Annotations:
D:4 htuhola's ghost, amateur FeBe


Innate Abilities, Weirdness & Mutations

You reflexively headbutt those who attack you in melee.
You have a pair of horns on your head.


Message History

You block the centaur's attack.
You barely miss the centaur.
The centaur is lightly wounded.
The centaur hits you but does no damage.
You block the centaur's attack.
Unknown command.
You hit the centaur. Your headbutt misses the centaur.
The centaur is moderately wounded.
The centaur hits you but does no damage. x2
You hit the centaur but do no damage. You headbutt the centaur.
The centaur is heavily wounded.
The centaur hits you but does no damage.
The centaur barely misses you.
You slash the centaur!
The centaur explodes!
The fiery explosion engulfs you!
Your Long Blades skill increases to level 5!
You have reached level 7!
You are engulfed in blazing flames.
You die...

####### #.....#
#.....# #. ##.##
#.....# #. ....#
#....(#### #.#....#
#.....(.># .(.. .#
#....(##.#####.. ..#
#.%...((@§§.##.##..#
#########§.(.#.....#
##§#..(<†..#
#.#####†>....# #..
#....## ###. ......
.. ..... .. ..c..
....


There were no monsters in sight!

Vanquished Creatures
  Sigmund (D:2)
  The ghost of deszczowiec the Skirmisher, an amateur DrAK of Lugonu (D:3)
  A centaur (D:4)
  A hound (D:4)
  Crazy Yiuf (D:2)
  A bullfrog skeleton (D:4)
  Robin (D:2)
  A howler monkey skeleton (D:4)
  6 adders
  3 worms
  2 dart slugs
  3 leopard geckos
  An orc (D:3)
  3 giant cockroaches
  7 hobgoblins
  3 kobolds
  4 quokkas
  A bat (D:1)
  6 frilled lizards
  13 goblins
  6 rats
66 creatures vanquished.

Notes
Turn   | Place    | Note
-------+----------+-------------------------------------------
     0 | D:1      | Peloso the Minotaur Fighter began the quest for the Orb.
     0 | D:1      | Reached XP level 1. HP: 19/19 MP: 0/0
   259 | D:1      | Reached XP level 2. HP: 24/27 MP: 1/1
   595 | D:2      | Reached skill level 4 in Armour
   639 | D:2      | Reached XP level 3. HP: 11/33 MP: 2/2
  1100 | D:2      | Noticed Sigmund
  1118 | D:2      | Killed Sigmund
  1118 | D:2      | Reached skill level 5 in Armour
  1118 | D:2      | Reached XP level 4. HP: 3/41 MP: 3/3
  1118 | D:2      | Reached XP level 5. HP: 3/47 MP: 4/4
  1515 | D:2      | Noticed Robin
  1533 | D:2      | Killed Robin
  1950 | D:2      | Found a runed door.
  1954 | D:2      | Noticed Crazy Yiuf
  1984 | D:2      | Killed Crazy Yiuf
  1984 | D:2      | Reached XP level 6. HP: 18/55 MP: 5/5
  2398 | D:3      | Noticed deszczowiec's ghost (amateur DrAK)
  2497 | D:3      | Killed deszczowiec's ghost
  2497 | D:3      | Reached skill level 5 in Fighting
  2497 | D:3      | Reached skill level 6 in Armour
  2497 | D:3      | Reached skill level 1 in Dodging
  2497 | D:3      | Reached skill level 5 in Shields
  3027 | D:4      | Noticed htuhola's ghost (amateur FeBe)
  3313 | D:4      | Reached skill level 5 in Long Blades
  3313 | D:4      | Reached XP level 7. HP: 20/61 MP: 6/6
  3313 | D:4      | Engulfed by a cloud of flame

Skill      XL: |  1  2  3  4  5  6 |
---------------+-------------------+-----
Armour         | 4 5 6 |  6.4
Fighting       | 4 5 |  5.1
Long Blades    | 3 4 5 |  5.0
Shields        | 4 5 |  5.5
Dodging        | 1 |  1.1

Action                   |  1- 3 |  4- 6 |  7- 9 || total
-------------------------+-------+-------+-------++-------
Melee: Long sword        |    55 |   127 |       ||   182
       Headbutt          |    15 |    27 |       ||    42
       Unarmed           |       |     5 |       ||     5
  Use: Potion            |     2 |       |       ||     2
       Scroll            |       |    10 |       ||    10
  Eat: Chunk             |       |     6 |       ||     6
Armor: Scale mail        |    23 |       |       ||    23
       Chain mail        |     5 |    69 |       ||    74
Dodge: Dodged            |    18 |    32 |       ||    50
Block: Shield            |    22 |    76 |       ||    98
       Rpst.: Long sword |     5 |     9 |       ||    14
